 Dungeon Crawl Stone Soup version 0.19.1 (webtiles) character file.

322 zeroDi the Sneak (level 6, 0/30 HPs)
             Began as a Vine Stalker Assassin on Dec 23, 2016.
             Slain by a gnoll
             ... wielding a +0 club
              (3 damage)
             ... on level 4 of the Dungeon.
             The game lasted 00:08:34 (2596 turns).

zeroDi the Sneak (Vine Stalker Assassin)            Turns: 2596, Time: 00:08:35

Health: 0/30       AC:  3    Str: 14    XL:     6   Next: 47%
Magic:  0/7        EV: 13    Int: 11    God:
Gold:   159        SH:  0    Dex: 17    Spells: 0 memorised, 5 levels left

rFire  . . .     SeeInvis .     a - +2 dagger
rCold  . . .     Gourm    .     c - +0 robe
rNeg   . . .     Faith    .     (no shield)
rPois  .         Spirit   +     (no helmet)
rElec  .         Reflect  .     d - +0 cloak
rCorr  .         Harm     .     (no gloves)
MR     .....                    (no boots)
Stlth  ++++......               (no amulet)
                                (no ring)
                                (no ring)

@: no status effects
A: fangs 2, regeneration 1, magic shield, antimagic bite, no device heal 3, rot
immunity
a: no special abilities


You were on level 4 of the Dungeon.
You were not hungry.

You visited 1 branch of the dungeon, and saw 4 of its levels.

You collected 159 gold pieces.


Innate Abilities, Weirdness & Mutations

You have extremely sharp teeth.
Your natural rate of healing is unusually fast.
When hurt, damage is shared between your health and your magic reserves.
Your bite disrupts and absorbs the magic of your enemies.
Potions and wands cannot restore your health.
You are immune to rotting.


   Skills:
 - Level 1.7 Fighting
 + Level 3.4 Short Blades
 - Level 1.7 Throwing
 + Level 2.7 Dodging
 * Level 7.4 Stealth


You had 5 spell levels left.
You didn't know any spells.

Inventory:

Hand Weapons
 a - a +2 dagger (weapon)
 b - a +0 blowgun
 r - a cursed -3 hunting sling
Missiles
 e - 8 poisoned needles
 f - 2 curare-tipped needles {=f}
 u - 53 stones (quivered)
Armour
 c - a +0 robe (worn)
 d - a +0 cloak (worn)
Jewellery
 h - an uncursed amulet of magic regeneration {unknown}
Scrolls
 i - a scroll of recharging {unknown}
 j - 2 scrolls of teleportation {unknown}
 l - 10 scrolls of identify {unknown}
 o - a scroll of enchant armour {unknown}
 p - a scroll of random uselessness {unknown}
 w - a scroll of blinking {unknown}
Potions
 k - a potion of magic {unknown}
 m - 2 potions of brilliance {unknown}
 n - a potion of lignification {unknown}
 q - a potion of flight {unknown}
 t - a potion of curing {unknown}
 x - a potion of berserk rage {unknown}
 z - 2 potions of heal wounds {unknown}
Comestibles
 g - 3 bread rations
 s - a meat ration
 v - 5 chunks of flesh

Dungeon Overview and Level Annotations

Branches:
Dungeon (4/15)
 Temple: D:4-7

Altars:
Nemelex Xobeh

Annotations:
D:3 1 exclusion, NNNN's ghost, amateur NaTm

.....#.##.# #.###.# ..........#
#.###.#.# # ..##.#.#..###
#.##..#.# #
..##............##..#.# #
........... .....#..#.# #
..##...##.# #.##.#..#.# #
..##...##.# #... #..#.###########
.......##.###..###..#............
)...............@g...............
..##..##..###...##.............##
..# ..##.....)......##.##.##.#.##
..# .##..................##.#.##
..# .##...##...###.##.#รท.##.#...
..##..##...###..# #.##.#..##.#...
..##............###.##...........
.................................
......#.#..#........####..##.#...


You could see a gnoll.


Message History

You feel invigorated.
You kill the gnoll!
You hit the gnoll. You bite the gnoll. You drain its power.
You feel invigorated.
The gnoll is heavily wounded.
The gnoll hits you but does no damage.
You hit the gnoll. Your bite misses the gnoll.
The gnoll is almost dead.
The gnoll hits you with a club.
* * * LOW HITPOINT WARNING * * *
You hit the gnoll.
You kill the gnoll!
You barely miss the gnoll. Your bite misses the gnoll. The gnoll misses you.
You hit the gnoll. You bite the gnoll, but do no damage.
The gnoll is lightly wounded.
The gnoll closely misses you.
You barely miss the gnoll.
The gnoll is lightly wounded.
The gnoll hits you with a club.
You die...

Action                   |  1- 3 |  4- 6 || total
-------------------------+-------+-------++-------
Melee: Dagger            |    76 |   130 ||   206
       Bite              |    18 |    36 ||    54
 Fire: Blowgun           |       |     2 ||     2
 Stab: Sleeping          |    11 |     5 ||    16
  Eat: Chunk             |     2 |     3 ||     5
Armor: Robe              |     9 |    18 ||    27
Dodge: Dodged            |    45 |    74 ||   119

Vault maps used:
D:1:      evilmike_arrival_hilbert_curve
D:3:      kennysheep_goblin_castle, first_bread, lemuel_tele_altar
D:4:      okawaru_metal_pillars_1_2, uniq_blork_the_orc

Notes
Turn   | Place    | Note
-------+----------+-------------------------------------------
     0 | D:1      | zeroDi the Vine Stalker Assassin began the quest for the Orb.
     0 | D:1      | Reached XP level 1. HP: 11/11 MP: 2/2
    54 | D:1      | Reached skill level 5 in Stealth
    95 | D:1      | Reached skill level 1 in Dodging
   105 | D:1      | Reached XP level 2. HP: 11/15 MP: 1/3
   329 | D:1      | Reached skill level 2 in Short Blades
   465 | D:1      | Reached XP level 3. HP: 16/18 MP: 4/4
  1562 | D:3      | Reached skill level 6 in Stealth
  1562 | D:3      | Gained mutation: Your natural rate of healing is unusually fast. [Vine Stalker growth]
  1562 | D:3      | Reached XP level 4. HP: 23/23 MP: 5/5
  1629 | D:3      | Noticed NNNN's ghost (amateur NaTm)
  1825 | D:3      | Found a sparkling altar of Nemelex Xobeh.
  1848 | D:3      | Reached skill level 2 in Dodging
  2120 | D:4      | Noticed Blork the orc
  2149 | D:4      | Killed Blork the orc
  2149 | D:4      | Reached XP level 5. HP: 5/26 MP: 6/6
  2443 | D:4      | Reached skill level 3 in Short Blades
  2494 | D:4      | Reached skill level 7 in Stealth
  2494 | D:4      | Reached XP level 6. HP: 30/30 MP: 7/7
  2585 | D:4      | HP: 2/30 [water moccasin skeleton (2)]
  2592 | D:4      | HP: 1/30 [gnoll/club (1)]
  2596 | D:4      | Slain by a gnoll

Vanquished Creatures
  Blork the orc (D:4)
  A water moccasin skeleton (D:4)
  A hound (D:4)
  A worker ant (D:4)
  3 gnolls (D:4)
  4 adders
  2 oozes
  An adder skeleton (D:3)
  A worm (D:3)
  3 dart slugs
  4 leopard geckos
  4 orcs
  5 goblins
  4 hobgoblins
  3 jackals
  5 kobolds
  2 quokkas
  6 bats
  5 frilled lizards
  A jackal skeleton (D:4)
  6 rats
63 creatures vanquished.
